 Dungeon Crawl Stone Soup version 0.28-a0-1087-gf3fc490d9d (webtiles) character file.

Game seed: 8346094606911990766

107 fragbeetle the Ruffian (level 4, 0/54 HPs)
             Began as a Draconian Transmuter on Dec 11, 2021.
             Succumbed to an adder's poison
             ... on level 3 of the Dungeon.
             The game lasted 00:06:18 (2201 turns).

fragbeetle the Ruffian (Draconian Transmuter)       Turns: 2201, Time: 00:06:18

Health: 0/54       AC:  5    Str: 12    XL:     4   Next: 56%
Magic:  7/7        EV: 12    Int: 16    God:
Gold:   123        SH:  0    Dex: 11    Spells: 4/8 levels left

rFire   . . .      SeeInvis +     - Unarmed
rCold   . . .      Faith    .   (no shield)
rNeg    + . .      Spirit   .   (armour unavailable)
rPois   .          Reflect  .   (helmet currently unavailable)
rElec   .          Harm     .   l - scarf {+Inv}
rCorr   .          Rampage  .   (no gloves)
Will    .....                   (boots currently unavailable)
Stlth   ..........              (no amulet)
HPRegen 0.18/turn               c - ring of see invisible
MPRegen 0.10/turn               f - ring of positive energy

@: berserking, lethally poisoned (0 -> -2), appendages (expiring), very quick
A: horns 2, talons 2, AC +5, unfitting armour, cold-blooded
a: End Transformation, Evoke Invisibility


You were on level 3 of the Dungeon.
You had temporarily grown beastly horns and talons.
You visited 1 branch of the dungeon, and saw 3 of its levels.

You collected 123 gold pieces.

Inventory:

Missiles
 b - 35 poisoned darts
Armour
 l - a scarf of invisibility (worn)
 o - a +0 pair of boots (melded)
Jewellery
 c - a ring of see invisible (left hand)
 f - a ring of positive energy (right hand)
Scrolls
 a - 2 scrolls of identify {unknown}
 e - 2 scrolls of teleportation {unknown}
 i - a scroll of silence {unknown}
 k - a scroll of fog {unknown}
 n - a scroll of noise {unknown}
Potions
 g - a potion of flight {unknown}
 h - a potion of curing {unknown}
 j - a potion of heal wounds {unknown}
 m - a potion of degeneration {unknown}


   Skills:
 * Level 1.9 Fighting
 * Level 2.5 Dodging
 + Level 3.7 Unarmed Combat
 + Level 2.5 Spellcasting
 * Level 2.9 Transmutations


You had 4 spell levels left.
You knew the following spells:

 Your Spells              Type           Power      Damage    Failure   Level
a - Beastly Appendage     Tmut           22%        N/A       6%          1
b - Spider Form           Tmut/Pois      6%         N/A       32%         3

Your spell library contained the following spells:

 Spells                   Type           Power      Damage    Failure   Level
 Wereblood                Tmut           11%        N/A       9%          2
 Summon Small Mammal      Summ           8%         N/A       21%         1
 Call Canine Familiar     Summ           2%         N/A       52%         3
 Summon Guardian Golem    Hex/Summ       2%         N/A       52%         3
 Ice Form                 Ice/Tmut       6%         N/A       71%         4


Dungeon Overview and Level Annotations

Branches:
Dungeon (3/15)

Altars:


Innate Abilities, Weirdness & Mutations

You have temporarily grown beastly horns and talons.
Your plain brown scales are hard. (AC +5)
You cannot fit into any form of body armour.
You are cold-blooded and may be slowed by cold attacks.


Message History

* * * LOW HITPOINT WARNING * * *
You are lethally poisoned!
The adder poisons you! The adder bites you but does no damage.
It was a potion of berserk rage.
A red film seems to cover your vision as you go berserk!
You feel yourself moving faster!
You feel mighty!
You feel sick. The adder bites you but does no damage.
The adder closely misses you. The adder bites you but does no damage.
Unknown command.
You miss the adder.
Your tail-slap misses the adder.
Your punch misses the adder.
The adder is heavily wounded.
You feel sick. The adder closely misses you.
The adder bites you but does no damage.
You closely miss the adder.
The adder is heavily wounded.
You feel sick. The adder barely misses you.
The adder bites you but does no damage.
You closely miss the adder.
The adder is heavily wounded.
The adder barely misses you.
You closely miss the adder.
The adder is heavily wounded.
You feel sick. The adder completely misses you. The adder barely misses you.
You miss the adder. Your headbutt misses the adder.
Your tail-slap misses the adder.
The adder is heavily wounded.
You feel sick. The adder bites you.
* * * LOW HITPOINT WARNING * * *
The adder bites you.
* * * LOW HITPOINT WARNING * * *
You are too berserk!
You barely miss the adder. Your kick misses the adder.
The adder is heavily wounded.
Your transformation is almost over.
The adder barely misses you. The adder bites you.
* * * LOW HITPOINT WARNING * * *
You miss the adder. Your kick misses the adder. You headbutt the adder.
You kill the adder!
You die...

#..# ## .##
#######.###########
......)...........#
..####....#...##..#
### #....#...# #.#
######....##..###.#
#........###......#
#....#...# ##.....#
#....#...# ###.@.#
#.).##..## ####S#
#.####..# #..†.#
......(## #.......#
......## .....S...#
....### .........#
.#### ####J###.# ##
.S. #.# ... #.#


You could see an adder.

Vanquished Creatures
  5 adders
  An adder zombie (D:3)
  2 worms (D:2)
  A dart slug (D:2)
  An orc (D:3)
  12 ball pythons
  5 endoplasms
  A giant cockroach (D:2)
  10 goblins
  2 hobgoblins (D:1)
  2 quokkas (D:2)
  4 bats
  3 frilled lizards
  5 kobolds
  8 rats
62 creatures vanquished.

Notes
Turn   | Place    | Note
-------+----------+-------------------------------------------
     0 | D:1      | fragbeetle the Draconian Transmuter began the quest for the
                  | Orb.
     0 | D:1      | Reached XP level 1. HP: 16/16 MP: 3/3
   235 | D:1      | Reached XP level 2. HP: 23/23 MP: 3/5
   963 | D:2      | Reached XP level 3. HP: 26/28 MP: 4/6
  1544 | D:2      | Reached XP level 4. HP: 36/36 MP: 5/7
  1549 | D:2      | Learned a level 3 spell: Spider Form
  2200 | D:3      | HP: 1/54 [adder (3)]
  2201 | D:3      | Succumbed to an adder's poison

Illustrated notes

Levels and vault maps discovered:
D:1:      sevenhm_arrival_forest_fort_small_4, layout_basic,
          roderic_roman_lattice, minmay_pentomino_r4
D:2:      minmay_spotlight, layout_basic, minmay_cut_off
D:3:      minmay_recursive_quarters, layout_loops_ring, minmay_bisected

Skill      XL: |  1 |
---------------+----+-----
Dodging        | 2 |  2.5
Fighting       | |  1.9
Unarmed Combat | |  3.7
Spellcasting   | |  2.5
Transmutations | |  2.9

Action                   |  1- 3 |  4- 6 || total
-------------------------+-------+-------++-------
Melee: Unarmed           |    99 |    70 ||   169
       Headbutt          |    10 |     5 ||    15
       Kick              |    19 |     8 ||    27
       Tailslap          |    10 |     2 ||    12
 Cast: Beastly Appendage |    30 |    12 ||    42
  Use: Potion            |       |     1 ||     1
Armor: Skin              |    18 |    31 ||    49
Dodge: Dodged            |    45 |    56 ||   101

Table legend: (Time is in decaauts)
 A = Elapsed time spent in this place.
 B = Non-inter-level travel time spent in this place.
 C = Inter-level travel time spent in this place.
 D = Time resting spent in this place.
 E = Time spent auto-exploring this place.
 F = Levels seen in this place.
 G = Mean time per level.
                   A        B        C        D        E       F      G
               +--------+--------+--------+--------+--------+-----+--------+
         Total |   2188 |   2156 |     32 |    352 |   1206 |   3 |  729.3 |
       Dungeon |   2188 |   2156 |     32 |    352 |   1206 |   3 |  729.3 |
               +--------+--------+--------+--------+--------+-----+--------+

Top non-repeatable levels by time:
     D:2: 1083 daAuts
     D:1: 895 daAuts
     D:3: 210 daAuts
